Map: Daybreak LE (Void)

Players

MarineLorD - Winner!

  • Race: Terran Terran
  • Spawn Location: 7:00

Beastyqt

  • Race: Terran Terran
  • Spawn Location: 1:00

Event: WESG 2016 Finals

VOD

Have the link to the VOD?

Description

Time

  • Played on: Jan. 11, 2017, 11:17 p.m.
  • Length: 15:48

All games in this series

Show
View Real Time Build Order
Export as new Build Order

MarineLorD Terran - Winner!

Build Orders: Cyclone Opening, Mech 

Get SALT Encoding   

  12  0:00  SCV  
  13  0:13  SCV  
  14  0:17  Supply Depot  
  14  0:25  SCV  
  15  0:29  Refinery  
  15  0:39  SCV  
  16  0:44  Barracks  
  16  0:51  SCV  
  16  0:56  Refinery  
  17  1:03  SCV  
  18  1:15  SCV  
  19  1:31  Orbital Command, Reaper  
  20  1:38  Factory  
  20  1:50  Supply Depot  
  20  1:56  SCV  
  21  2:03  Reaper  
  22  2:08  SCV  
  23  2:21  Cyclone  
  26  2:23  SCV  
  27  2:34  Command Center  
  28  2:37  SCV  
  28  2:40  Barracks Reactor  
  28  2:48  Starport  
  28  2:52  SCV  
  29  2:58  Factory Tech Lab  
  29  3:01  Supply Depot  
  29  3:04  SCV  
  30  3:16  SCV  
  30  3:28  SCV  
  30  3:33  Viking  
  33  3:35  Hellion x2  
  33  3:40  SCV  
  38  3:52  SCV  
  38  3:54  Orbital Command  
  39  3:56  Hellion  
  38  4:04  SCV  
  38  4:13  Raven  
  38  4:16  Hellion, SCV  
  43  4:18  Hellion  
  43  4:21  Barracks Reactor, SCV  
  46  4:24  Factory  
  46  4:28  SCV  
  47  4:31  Supply Depot  
  47  4:33  SCV  
  47  4:37  Hellion  
  50  4:39  Hellion  
  50  4:40  SCV  
  53  4:46  SCV  
  53  4:47  Supply Depot x2  
  54  4:53  SCV  
  54  4:58  SCV  
  56  5:01  Hellion x2  
  56  5:05  Viking  
  62  5:08  Viking  
  62  5:09  SCV  
  62  5:10  SCV  
  66  5:19  Hellion  
  66  5:21  SCV  
  69  5:23  Hellion x2, SCV  
  74  5:33  SCV  
  75  5:36  Refinery x2  
  75  5:37  SCV  
  75  5:41  Infernal Pre-Igniter  
  78  5:45  SCV  
  77  5:51  Viking, Supply Depot x2  
  77  5:53  Supply Depot  
  75  6:02  SCV  
  76  6:07  Command Center  
  76  6:10  SCV  
  77  6:12  Siege Tank  
  77  6:13  Armory  
  80  6:23  Viking  
  80  6:24  Viking  
  84  6:26  SCV  
  85  6:36  SCV, Factory  
  85  6:38  SCV  
  87  6:44  Hellion x2  
  87  6:45  Siege Tank  
  94  6:49  SCV  
  94  6:50  SCV  
  94  6:56  Viking, Supply Depot  
  94  6:59  Viking  
  98  7:02  Terran Vehicle And Ship Armor Level 1  
  98  7:04  SCV  
  98  7:05  SCV  
  100  7:11  Hellion  
  102  7:16  Supply Depot  
  102  7:17  Siege Tank  
  102  7:18  Hellion  
  107  7:23  Factory Tech Lab  
  107  7:26  Viking  
  107  7:27  SCV  
  107  7:29  Viking  
  112  7:32  Orbital Command  
  112  7:33  SCV  
  113  7:40  SCV  
  98  7:51  Siege Tank  
  98  7:52  SCV  
  98  7:54  SCV  
  98  7:56  Viking  
  98  7:58  SCV  
  102  7:59  Viking  
  102  8:01  Refinery x2  
  102  8:02  Supply Depot  
  102  8:04  SCV  
  107  8:06  Hellion x2, SCV  
  110  8:13  Factory  
  110  8:15  Factory  
  110  8:16  SCV  
  110  8:19  SCV  
  112  8:22  Siege Tank  
  115  8:28  SCV  
  115  8:30  SCV  
  115  8:31  SCV  
  115  8:32  Supply Depot  
  115  8:33  Supply Depot  
  118  8:34  Supply Depot, Siege Tank  
  118  8:40  SCV, Engineering Bay  
  122  8:45  Hellion  
  122  8:46  Hellion, Viking x2  
  128  8:49  SCV x2  
  128  8:52  SCV  
  129  9:05  Siege Tank  
  129  9:07  Factory Tech Lab, Factory Reactor, Terran Vehicle And Ship Armor Level 2  
  130  9:22  Siege Tank  
  131  9:25  Viking  
  131  9:30  Hellion x2  
  137  9:34  Command Center  
  137  9:35  Supply Depot, Command Center  
  137  9:38  Siege Tank  
  140  9:41  Siege Tank  
  133  9:53  Viking  
  133  9:54  Siege Tank  
  133  9:55  Viking  
  138  10:07  Hellion x2  
  138  10:08  Hellion  
  138  10:10  Supply Depot x2, Siege Tank  
  138  10:11  Armory  
  138  10:13  Supply Depot  
  147  10:20  Siege Tank  
  150  10:23  Viking  
  150  10:25  Missile Turret  
  150  10:26  Missile Turret, Siege Tank  
  155  10:38  Hellion x2  
  155  10:42  Siege Tank  
  162  10:46  Sensor Tower  
  162  10:47  Missile Turret x2  
  162  10:52  Siege Tank  
  165  10:57  Viking x2  
  168  11:16  Missile Turret x2  
  171  11:20  Orbital Command  
  171  11:25  Planetary Fortress  
  171  11:27  Viking x2  
  171  11:29  Refinery  
  175  11:33  Refinery  
  175  11:36  Terran Ship Weapons Level 1  
  175  11:38  Starport  
  175  11:39  Starport  
  169  11:40  Terran Vehicle Weapons Level 1  
  169  11:45  Hi-Sec Auto Tracking  
  169  11:48  Missile Turret  
  169  11:50  Refinery  
  169  11:51  Refinery  
  168  11:56  Missile Turret  
  168  11:57  Viking  
  165  12:01  Siege Tank  
  156  12:12  SCV x4  
  156  12:13  SCV  
  158  12:17  Missile Turret  
  158  12:20  Missile Turret  
  158  12:24  SCV x4  
  158  12:25  SCV  
  158  12:29  Missile Turret  
  163  12:34  Viking x2  
  163  12:36  SCV x2  
  169  12:40  SCV x2  
  171  12:48  SCV  
  171  12:50  Missile Turret  
  172  12:56  Starport Tech Lab  
  172  12:57  Starport Tech Lab  
  172  12:59  Hellion x16  
  172  13:01  Starport  
  172  13:03  Starport  
  172  13:13  SCV x2  
  174  13:26  Raven x2  
  174  13:27  Corvid Reactor  
  178  13:31  Hellion x3  
  168  13:42  Siege Tank  
  168  13:47  Hellion x3  
  163  13:56  Starport Reactor  
  163  13:57  Starport Reactor  
  163  13:58  Viking x2  
  167  14:09  Raven x2  
  168  14:24  Thor  
  168  14:30  Viking x2  
  166  14:45  Viking x4  
  174  14:52  Viking x2  
  173  15:03  Viking x2  
  167  15:07  Hellion x2  
  157  15:15  Viking x2  
  157  15:16  Viking x2  
Show
View Real Time Build Order
Export as new Build Order

Beastyqt Terran 

Build Orders: Reaper Expand, Mech 

Get SALT Encoding   

  12  0:00  SCV  
  13  0:12  SCV  
  14  0:18  Supply Depot  
  14  0:24  SCV  
  15  0:29  Refinery  
  15  0:40  SCV  
  16  0:45  Barracks  
  16  0:52  SCV  
  17  1:04  SCV  
  18  1:16  SCV  
  19  1:32  Orbital Command, Reaper  
  20  1:48  Command Center  
  20  1:57  SCV  
  21  2:03  Factory  
  21  2:07  Barracks Reactor  
  21  2:10  SCV  
  22  2:16  Supply Depot  
  22  2:22  SCV  
  23  2:25  Refinery  
  23  2:37  SCV  
  24  2:47  Starport  
  24  2:49  SCV  
  25  2:52  Hellion  
  25  2:53  Hellion  
  29  3:01  SCV, Orbital Command  
  30  3:06  Barracks Tech Lab  
  29  3:14  SCV  
  29  3:16  Cyclone  
  29  3:18  Widow Mine  
  35  3:26  SCV  
  36  3:28  SCV  
  36  3:33  Viking  
  39  3:38  SCV  
  40  3:42  SCV  
  40  3:50  SCV  
  40  3:54  SCV, Engineering Bay  
  41  4:02  SCV  
  42  4:06  SCV  
  43  4:11  Supply Depot  
  43  4:14  SCV  
  44  4:17  Supply Depot, Raven  
  44  4:22  Missile Turret  
  46  4:24  Missile Turret  
  46  4:32  SCV x2  
  46  4:33  Hellion x2  
  52  4:44  SCV  
  52  4:45  SCV, Supply Depot  
  54  4:56  Hellion x2  
  54  4:57  SCV x2  
  60  5:00  Supply Depot  
  60  5:02  Barracks Reactor, Viking  
  62  5:09  SCV  
  62  5:14  SCV  
  62  5:17  Factory x2  
  62  5:21  SCV  
  59  5:23  Refinery  
  59  5:24  Refinery  
  59  5:26  Hellion, SCV  
  62  5:30  Cyclone  
  65  5:36  SCV  
  65  5:39  SCV  
  67  5:48  SCV  
  66  5:52  Command Center  
  66  5:54  Armory  
  66  5:58  SCV  
  66  6:00  Viking  
  69  6:07  Factory Tech Lab  
  69  6:08  Hellion x2  
  69  6:11  Viking  
  73  6:16  SCV  
  73  6:18  SCV, Supply Depot  
  75  6:25  Siege Tank  
  78  6:39  Hellion, SCV x2, Supply Depot, Siege Tank  
  85  6:40  Supply Depot  
  85  6:52  SCV  
  86  6:54  Terran Vehicle Weapons Level 1  
  86  6:57  Supply Depot  
  86  6:59  Supply Depot  
  86  7:00  Viking x2  
  86  7:01  SCV  
  91  7:07  SCV  
  92  7:10  Supply Depot  
  92  7:11  Siege Tank  
  92  7:12  Hellion  
  92  7:13  SCV  
  92  7:15  Supply Depot  
  98  7:24  Hellion, Siege Tank  
  98  7:26  Supply Depot  
  98  7:27  SCV  
  104  7:32  Viking  
  104  7:34  SCV  
  103  7:37  SCV  
  103  7:43  SCV  
  99  7:48  SCV  
  99  7:51  Viking  
  90  7:55  SCV  
  90  7:58  Orbital Command  
  87  8:02  Viking  
  89  8:06  Siege Tank  
  89  8:07  Hellion  
  89  8:09  SCV  
  89  8:10  Refinery x2  
  95  8:15  SCV  
  95  8:17  Factory  
  95  8:19  Factory  
  96  8:20  Widow Mine x2  
  96  8:24  SCV  
  101  8:27  Viking  
  101  8:32  SCV, Viking  
  106  8:34  SCV, Supply Depot  
  106  8:36  SCV  
  108  8:44  SCV  
  108  8:47  SCV  
  106  8:57  Viking  
  106  8:58  Thor  
  106  8:59  Siege Tank  
  106  9:00  Hellion  
  106  9:01  Command Center  
  106  9:02  Viking  
  119  9:07  Factory Tech Lab, Factory Reactor  
  115  9:10  Supply Depot  
  115  9:12  Hellion  
  117  9:18  Command Center  
  112  9:25  Hellion  
  112  9:28  Viking  
  114  9:31  Siege Tank  
  114  9:32  Viking  
  114  9:33  Hellion  
  114  9:34  Hellion  
  123  9:39  Command Center  
  123  9:42  Siege Tank  
  120  9:46  Hellion x3  
  120  9:55  Siege Tank  
  120  9:58  Hellion  
  120  9:59  Terran Vehicle Weapons Level 2  
  125  10:04  Siege Tank  
  128  10:07  Hellion  
  128  10:08  Hellion  
  128  10:12  Viking x2, Sensor Tower  
  136  10:17  Hellion, Siege Tank  
  136  10:19  Hellion  
  143  10:25  Liberator, Starport  
  143  10:32  Missile Turret  
  143  10:42  Medivac  
  148  10:43  Hellion x2  
  148  10:45  Hellion x2  
  148  10:46  Hellion  
  158  10:52  Infernal Pre-Igniter  
  158  10:54  Orbital Command  
  158  11:02  Viking  
  158  11:03  Hellion x2  
  160  11:12  Viking  
  160  11:13  Hellion, Siege Tank  
  163  11:24  Hellion x2, Siege Tank  
  170  11:26  Supply Depot  
  170  11:28  Supply Depot  
  170  11:39  Viking x2  
  174  11:42  Viking  
  176  11:49  Thor  
  176  11:50  Hellion  
  184  12:00  Thor  
  194  12:01  Hellion x2  
  192  12:09  Viking  
  192  12:14  Starport Tech Lab  
  188  12:16  Terran Ship Weapons Level 1  
  188  12:17  Hellion  
  188  12:20  Fusion Core  
  190  12:26  Orbital Command  
  190  12:38  Hellion x16  
  190  12:43  Viking x3  
  196  13:01  Liberator  
  196  13:05  Supply Depot  
  196  13:07  Advanced Ballistics  
  196  13:10  Liberator  
  196  13:15  Viking  
  196  13:27  Hellion x2  
  184  13:41  Liberator  
  184  13:42  Hellion  
  184  13:44  Liberator  
  184  13:47  Thor x2  
  184  13:48  Hellion x2  
  186  13:52  Liberator  
  186  13:53  Command Center  
  188  14:21  Thor  
  188  14:22  Hellion  
  191  14:32  Hellion  
  187  14:41  Viking  
  187  14:44  Thor x5, Viking  
  188  14:52  Viking  
  174  15:11  Viking  
  174  15:14  Viking  
  172  15:20  Orbital Command  
Tags
 
Add a new tag
Caveats
  • Supply blocks, unpowered buildings, or Contaminate may cause inaccurate times.
  • Supply counts are checked every 10 seconds.